AoeStats
← elkorz

Arabia

505997444Analyzed
1v1 RM · 21d ago on Sep 12, 2026· 44m 37s· 2 players
Game mode
Random Map
Map size
Tiny (2 player)
Population
200
Speed
Normal
Resources
Standard
Victory
Conquest
Starting age
Dark Age
Ending age
Imperial Age
RankedLock teamsTeams togetherTeam positionsShared explorationLock speedFull tech treeHidden civsTurbo modeCheats
Victory
Defeat
🇨🇴 Mongols · Colombia
834
+14
🇨🇴 Magyars · Colombia
801
-14
elkorz
11:12 Feudal Age
11:24 Loom
12:05 Double-Bit Axe
21:15 Bloodlines
22:10 Scale Barding Armor
22:47 Wheelbarrow
23:43 Horse Collar
24:08 Gold Mining
26:20 Castle Age
27:42 Fletching
28:59 Elite Skirmisher
31:56 Bow Saw
32:18 Stone Mining
32:50 Padded Archer Armor
37:05 Chain Barding Armor
36:55 Bodkin Arrow
41:30 Ballistics
nopotosih
9:32 Feudal Age
9:36 Loom
9:58 Double-Bit Axe
15:43 Town Watch
16:09 Fletching
21:00 Castle Age
20:50 Stone Mining
22:07 Town Patrol
21:33 Pikeman
22:27 Bow Saw
24:08 Squires
23:48 Crossbowman
26:02 Horse Collar
27:47 Heavy Plow
29:02 Forging
28:55 Padded Archer Armor
31:43 Ballistics
33:05 Husbandry
33:16 Bloodlines
35:08 Elite Skirmisher
39:14 Imperial Age
37:25 Wheelbarrow
37:00 Bodkin Arrow
41:09 Guard Tower
43:48 Chemistry
44:07 Light Cavalry
Connection lost

Rejoining the realm…

Still unreachable

The connection could not be restored.

Session expired

The server has moved on; the page needs a fresh start.